 Dungeon Crawl Stone Soup version 0.31-a0-844-gdc52ec4e09 (webtiles) character file.

Game seed: 16756848913872686066

299 Ethylacetat the Insei (level 6, -5/42 HPs)
             Began as an Octopode Shapeshifter on Sept 30, 2023.
             Slain by a gnoll
             ... wielding a +0 flail
              (13 damage)
             ... on level 4 of the Dungeon.
             The game lasted 00:03:22 (2440 turns).

Ethylacetat the Insei (Octopode Shapeshifter)       Turns: 2440, Time: 00:03:22

Health: -5/42      AC:  1    Str: 13    XL:     6   Next: 36%
Magic:  6/6        EV: 14    Int: 12    God:
Gold:   271        SH:  0    Dex: 14    Spells: 5/5 levels left

rFire   . . .        r - +4 dagger (venom)
rCold   . . .        (no shield)
rNeg    . . .        (helmet currently unavailable)
rPois   .            (no amulet)
rElec   .            o - ring of flight
rCorr   .            (no ring)
SInv    .            (no ring)
Will    .....        (no ring)
Stlth   +++          (no ring)
HPRegen 0.27/turn    (no ring)
MPRegen 0.10/turn    (no ring)
                     (no ring)

%: no passive effects
@: beast-form, flying
A: beast (slay +2), almost no armour, amphibious, 8 rings, camouflage 1,
gelatinous body 1, (nimble swimmer 1), tentacles
a: Begin Untransformation


You were on level 4 of the Dungeon.
You were a hulking beast.
You visited 1 branch of the dungeon, and saw 4 of its levels.

You collected 271 gold pieces.

Inventory:

Hand Weapons
 r - a +4 dagger of venom (weapon)
Jewellery
 o - a ring of flight (left tentacle)
Talismans
 b - a beast talisman (active)
 c - a flux talisman
Scrolls
 d - 2 scrolls of identify {unknown}
 e - a scroll of teleportation {unknown}
 g - a scroll of revelation {unknown}
 i - a scroll of vulnerability {unknown}
 j - a scroll of immolation {unknown}
 k - a scroll of enchant armour {unknown}
 p - a scroll of amnesia {unknown}
 q - a scroll of fog {unknown}
 s - a scroll of torment {unknown}
Potions
 a - a potion of lignification
 f - 2 potions of invisibility {unknown}
 h - 2 potions of might {unknown}
 l - a potion of curing {unknown}
 m - a potion of cancellation {unknown}
 n - a potion of enlightenment {unknown}


   Skills:
 + Level 3.1 Fighting
 + Level 0.3 Short Blades
 + Level 3.5 Dodging
 + Level 0.7 Stealth
 - Level 4.2 Unarmed Combat
 + Level 4.1 Shapeshifting


You had 5 spell levels left.
You didn't know any spells.
Your spell library was empty.

Dungeon Overview and Level Annotations

Branches:
Dungeon (4/15)
 Temple: D:4-7

Altars:

Shops:
D:1 (?!!


Innate Abilities, Weirdness & Mutations

You are a hulking beast.
Your limbs bulge with bestial killing power. (Slay +2)
You cannot wear most types of armour.
You are amphibious.
You can wear up to eight rings at the same time.
Your skin changes colour to match your surroundings (Stealth+).
Your rubbery body absorbs attacks. (AC +1, EV +1)
((You are camouflaged when in or above water. (Stealth+)))
You have tentacles for arms and can constrict up to eight enemies at once.


Message History

The gnoll is severely wounded.
You constrict the gnoll.
The iguana hisses angrily.
The gnoll hits you with a +0 club!
You hit the gnoll. You squeeze the gnoll.
You kill the gnoll!
The gnoll closely misses you. The gnoll hits you with a +0 halberd!
The gnoll shouts!
You closely miss the gnoll. You grab the gnoll. You constrict the gnoll.
The gnoll barely misses you.
You hit the gnoll.
The gnoll is poisoned.
The gnoll is moderately wounded.
You constrict the gnoll. The iguana barely misses you.
The gnoll barely misses you. The gnoll hits you with a +0 flail!
You are too injured to fight recklessly!
You are too injured to fight recklessly!
You hit the gnoll. You squeeze the gnoll.
The gnoll is almost dead.
You constrict the gnoll.
You kill the gnoll!
The iguana bites you. The gnoll barely misses you.
You hit the iguana. You grab the iguana. You squeeze the iguana!
The iguana is severely wounded.
You constrict the iguana, but do no damage.
The iguana bites you but does no damage.
The gnoll closely misses you.
You hit the iguana.
The iguana is poisoned.
The iguana is almost dead.
You constrict the iguana, but do no damage.
The iguana bites you!
* * * LOW HITPOINT WARNING * * *
The gnoll barely misses you.
You puncture the iguana!
You kill the iguana!
The gnoll closely misses you.
You hit the gnoll.
The gnoll is poisoned.
You grab the gnoll.
The gnoll is lightly wounded.
You constrict the gnoll. The gnoll hits you with a +0 flail!
You die...

##########
#.!......#
#....)...#
#........#
#.g).....# #.)h.>..#
..# #.......##..#
#............
#.......... #######
#..)....... #...##.
###'##..##. #......
#...##..######......
#....'......##...##.
#....#......##...##.


You could see a gnoll (very poisoned).

Vanquished Creatures
  A phantom (D:4)
  A hound (D:4)
  An iguana (D:4)
  2 gnolls (D:4)
  7 adders
  3 worms
  2 dart slugs
  8 orcs (D:3)
  3 endoplasms
  A giant cockroach (D:3)
  6 hobgoblins
  2 quokkas
  5 ball pythons
  5 bats
  5 frilled lizards
  6 goblins
  10 kobolds
  5 rats
73 creatures vanquished.

Notes
Turn   | Place    | Note
-------+----------+-------------------------------------------
     0 | D:1      | Ethylacetat the Octopode Shapeshifter began the quest for
                  | the Orb.
     0 | D:1      | Reached XP level 1. HP: 13/13 MP: 1/1
    61 | D:1      | Found Sozyi's Distillery.
   123 | D:1      | Found Bugasud's Distillery.
   154 | D:1      | Reached XP level 2. HP: 17/18 MP: 2/2
   393 | D:1      | Found Jimnogof's Magic Scroll Shop.
   599 | D:1      | Found Oguan's Weapon Boutique.
   653 | D:1      | Found a faded altar of an unknown god.
   833 | D:2      | Reached XP level 3. HP: 19/23 MP: 3/3
  1216 | D:2      | Reached XP level 4. HP: 29/29 MP: 4/4
  1823 | D:3      | Reached XP level 5. HP: 10/35 MP: 5/5
  2085 | D:4      | Noticed a phantom
  2098 | D:4      | Killed a phantom
  2255 | D:4      | Reached XP level 6. HP: 31/41 MP: 6/6
  2260 | D:4      | Identified the +3 whip of World Downfall {venom, Fragile
                  | rN+ MP+9 Int+3}
  2440 | D:4      | Slain by a gnoll

Illustrated notes

Levels and vault maps discovered:
D:1:      sevenhm_arrival_forest_fort_large_2, layout_loops_ring,
          shapermc_ecumenical_altar_notcrosses, serial_shops,
          nicolae_shop_stone, nicolae_shop_bloodbath_and_beyond, shop, shop,
          minmay_pentomino_z4
D:2:      minmay_chambers_of_ones, layout_rooms
D:3:      layout_rooms
D:4:      layout_gridville

Skill      XL: |  1  2  3  4  5  6 |
---------------+-------------------+-----
Fighting       | 2 3 |  3.1
Dodging        | 3 |  3.5
Unarmed Combat | 4 |  4.2
Shapeshifting  | 4 |  4.1
Short Blades   | |  0.3
Stealth        | |  0.7

Action                     |  1- 3 |  4- 6 || total
---------------------------+-------+-------++-------
  Melee: Unarmed           |    65 |    76 ||   141
         Constrict         |    15 |    22 ||    37
         Tentacles         |    12 |    16 ||    28
         Punch             |     2 |     1 ||     3
         Dagger            |       |    10 ||    10
   Stab: Sleeping          |     6 |    10 ||    16
 Armour: Skin              |    27 |    34 ||    61
  Dodge: Dodged            |    44 |    39 ||    83

Table legend: (Time is in decaauts)
 A = Elapsed time spent in this place.
 B = Non-inter-level travel time spent in this place.
 C = Inter-level travel time spent in this place.
 D = Time resting spent in this place.
 E = Time spent auto-exploring this place.
 F = Levels seen in this place.
 G = Mean time per level.
                   A        B        C        D        E       F      G
               +--------+--------+--------+--------+--------+-----+--------+
         Total |   2429 |   2325 |    104 |      0 |   1883 |   4 |  607.2 |
       Dungeon |   2429 |   2325 |    104 |      0 |   1883 |   4 |  607.2 |
               +--------+--------+--------+--------+--------+-----+--------+

Top non-repeatable levels by time:
     D:1: 773 daAuts
     D:2: 649 daAuts
     D:3: 639 daAuts
     D:4: 367 daAuts
